 Dungeon Crawl Stone Soup version 0.19.5 (webtiles) character file.

288996 JeffiDaFish the Peltast (level 20, -2/108 HPs)
             Began as a Gargoyle Fighter on Mar 10, 2017.
             Was the Champion of Trog.
             Killed from afar by a starcursed mass (11 damage)
             ... with an accursed screaming
             ... on level 2 of the Abyss.
             The game lasted 01:43:45 (38322 turns).

JeffiDaFish the Peltast (Gargoyle Fighter)         Turns: 38322, Time: 01:43:45

Health: -2/108     AC: 48    Str: 23    XL:     20   Next: 71%
Magic:  20/20      EV:  9    Int: 11    God:    Trog [******]
Gold:   3320       SH:  0    Dex: 25    Spells: 0 memorised, 19 levels left

rFire  . . .     SeeInvis +     K - +9 demon whip of Trog's Generosity {elec, rElec rPois SInv}
rCold  . . .     Gourm    .     t - +6 plate armour
rNeg   + . .     Faith    .     M - +8 large shield "Zurraroi" {rF+ MR- Dex+2}
rPois  ∞         Spirit   .     (helmet restricted)
rElec  +         Reflect  +     W - +1 cloak {rPois}
rCorr  .         Harm     .     G - +2 pair of gloves
MR     .....                    L - +1 pair of boots
Stlth  ..........               v - +5 amulet of reflection
                                H - ring "Puruewk" {rF- Dex+10 Stlth+}
                                F - ring of Shadows {Umbra +Inv Stlth+}

@: confused, flying, fainting, wreathed by umbra
A: big wings, horns 1, blink, clever 1, frail 2, negative energy resistance 1,
electricity resistance, strong 1, weak 2, wild magic 1, unbreathing,
petrification resistance, rot immunity, MP-powered wands, AC +15
a: Stop Flying, Blink, Berserk, Trog's Hand, Brothers in Arms, Burn Spellbooks,
Renounce Religion, Evoke Invisibility
}: 2/15 runes: barnacled, gossamer


You were on level 2 of the Abyss.
You worshipped Trog.
Trog was exalted by your worship.
You were fainting.

You visited 7 branches of the dungeon, and saw 35 of its levels.
You visited the Abyss 1 time.
You also visited: Sewer and Ossuary.

You collected 3765 gold pieces.
You spent 445 gold pieces at shops.

Inventory:

Hand Weapons
 c - the +7 demon whip of Cyntez {freeze, rElec MR++}
   (Trog gifted it to you on level 1 of the Shoals)

   It has been specially enchanted to freeze those struck by it, causing extra
   injury to most foes and up to half again as much damage against particularly
   susceptible opponents.
   It can also slow down cold-blooded creatures.
   It insulates you from electricity.
   It affects your resistance to hostile enchantments.
 E - the +4 hand crossbow "Goblinslayer" {penet, rElec rPois Dex+5}
   (You found it on level 12 of the Dungeon)

   Ammo fired by it will pass through the targets it hits, potentially hitting
   all targets in its path until it reaches maximum range.
   It affects your dexterity (+5).
   It insulates you from electricity.
   It protects you from poison.
 K - the +9 demon whip of Trog's Generosity (weapon) {elec, rElec rPois SInv}
   (Trog gifted it to you on level 1 of the Lair of Beasts)

   Occasionally, upon striking a foe, it will discharge some electrical energy
   and cause terrible harm.
   It insulates you from electricity.
   It protects you from poison.
   It lets you see invisible.
Missiles
 o - 497 bolts
Armour
 t - a +6 plate armour (worn)
 G - a +2 pair of gloves (worn)
 L - a +1 pair of boots (worn)
 M - the +8 large shield "Zurraroi" (worn) {rF+ MR- Dex+2}
   (You found it on level 2 of the Vaults)

   It affects your dexterity (+2).
   It protects you from fire.
   It affects your resistance to hostile enchantments.
 W - a +1 cloak of poison resistance (worn)
Jewellery
 v - a +5 amulet of reflection (around neck)
 B - the ring "Kaaj" {rF++ AC+2, unknown}
   (You took it off a vault warden on level 2 of the Vaults)

   [ring of protection]

   It affects your AC (+2).
   It greatly protects you from fire.
 F - the ring of Shadows (left hand) {Umbra +Inv Stlth+}
   (You took it off a merfolk on level 4 of the Shoals)

   [ring of stealth]

   It lets you turn invisible.
   It makes you more stealthy.
 H - the ring "Puruewk" (right hand) {rF- Dex+10 Stlth+}
   (You found it on level 1 of the Lair of Beasts)

   [ring of stealth]

   It affects your dexterity (+10).
   It makes you vulnerable to fire.
   It makes you more stealthy.
Wands
 k - a wand of hasting (5/9)
 l - a wand of heal wounds (1/9)
 I - a wand of teleportation (6/9)
Scrolls
 b - 6 scrolls of recharging
 e - 7 scrolls of teleportation
 g - 18 scrolls of remove curse
 i - 8 scrolls of magic mapping
 w - 12 scrolls of fear
 x - 5 scrolls of fog
 y - a scroll of identify
 J - a scroll of holy word
Potions
 a - 2 potions of resistance
 d - 5 potions of might
 h - 4 potions of berserk rage
 j - 15 potions of curing
 q - 5 potions of heal wounds
 s - 3 potions of haste
 u - 8 potions of agility
 z - a potion of brilliance
 A - 3 potions of cure mutation
 C - 10 potions of ambrosia
Comestibles
 f - 15 bread rations
 m - 15 meat rations
 p - 3 slices of pizza
 r - 6 beef jerkies
 D - 10 royal jellies
 U - 7 fruits


   Skills:
 * Level 18.2 Fighting
   Level 3.4 Long Blades
 * Level 17.3 Maces & Flails
 + Level 10.2 Crossbows
 * Level 18.3 Armour
 - Level 3.0 Dodging
 - Level 1.0 Stealth
 * Level 19.0 Shields
 - Level 0.1 Evocations


You had 19 spell levels left.
You didn't know any spells.

Dungeon Overview and Level Annotations

Branches:
Dungeon (15/15)            Temple (1/1) D:4            Lair (6/6) D:11
 Shoals (4/4) Lair:4       Spider (4/4) Lair:3        Slime (0/5) Lair:6
    Orc (2/2) D:11            Elf (0/3) Orc:2        Vaults (3/5) D:14
  Crypt (0/3) Vaults:2     Depths (0/5) D:15

Altars:
Ashenzari
Cheibriados
Dithmenos
Elyvilon
Fedhas
Gozag
Hepliaklqana
Kikubaaqudgha
Makhleb
Nemelex Xobeh
Okawaru
Qazlal
Ru
Sif Muna
Trog
Uskayaw
Vehumet
Xom
Yredelemnul
Zin
The Shining One
Beogh

Shops:
Orc:1 :   Orc:2 ?[(:   Shoals:1 *[   Shoals:3 :   Vaults:1 !


Innate Abilities, Weirdness & Mutations

You are resistant to torment.
Your stone body is resilient. (AC +15)
You are immune to poison.
Your large and strong wings let you fly indefinitely.
You resist negative energy. (rN+)
You are resistant to electric shocks. (rElec)
You can survive without breathing.
You are immune to petrification.
You are immune to rotting.
You have a pair of small horns on your head.
You can translocate small distances at will.
Your mind is acute. (Int +2)
Your muscles are strong. (Str +2)
Your spells are a little harder to cast, but a little more powerful.
[You are very frail. (-20% HP)]
[You are very weak. (Str -4)]
[You expend magic power (3 MP) to strengthen your wands.]


Message History

The golden eye blinks at you.
You are more confused.
The golden eye blinks at you.
You barely miss the wretched star. Your headbutt misses the wretched star.
The wretched star is moderately damaged.
The golden eye blinks!
A starcursed mass splits. x2
You miss the golden eye. The golden eye blinks at you.
You are more confused.
A quasit comes into view.
Unknown command.
You're too confused to move!
The golden eye turns its gaze towards you.
The quasit gives a chilling moan.
The golden eye blinks at you.
You are more confused.
The golden eye blinks!
The starcursed mass engulfs you but does no damage.
A cacophony of accursed wailing tears at your sanity!
You die...

. .# . ##
##.#####
#....XX#
#....XX##
#...X2G@#
#.∩.XX*##
#....3G#
...#..§.X
....##......#
# . #...... .
##.....### .
5.X..§##..
..#../ #


You could see 8 starcursed masses, a cacodemon, a wretched star, a large
abomination, a sixfirhy, a quasit and 2 golden eyes.

Vanquished Creatures
  Bai Suzhen (Spider:3)
  Nikola (Spider:3)
  Arachne (Spider:2)
  Rupert (D:13)
  4 sphinxes (Vaults:2)
  Ilsuiw (Shoals:4)
  3 deep elf sorcerers
  6 vault wardens
  A fire giant (Vaults:2)
  2 orc warlords (Vaults:2)
  2 frost giants
  6 ghost moths
  6 emperor scorpions (Spider:4)
  11 ironheart preservers
  2 war gargoyles (Vaults:2)
  4 entropy weavers
  2 vampire knights (Vaults:2)
  2 stone giants (Vaults:2)
  2 deep elf demonologists (Vaults:2)
  2 deep elf annihilators
  The ghost of Raiza the Protected, a journeyman HOBe of Trog (Lair:2)
  An ettin (Vaults:2)
  2 fire dragons
  6 merfolk javelineers
  An eidolon (Vaults:2)
  14 merfolk impalers
  A deep elf death mage (Vaults:2)
  A rakshasa (Vaults:1)
  3 yaktaur captains
  An ice dragon (Vaults:2)
  A great orb of eyes (Vaults:1)
  A deep elf high priest (Vaults:2)
  Josephine (Orc:1)
  7 vault guards (Vaults:2)
  2 merfolk avatars
  2 catoblepae
  3 alligator snapping turtles
  5 centaur warriors
  6 hydras
  5 merfolk aquamancers (Shoals:4)
  3 death knights (Vaults:2)
  9 ogre magi
  The ghost of JeffiDaFish the Cleaver, a journeyman GrFi of Trog (Lair:2)
  A tengu warrior (D:13)
  A satyr (Shoals:2)
  A deep troll earth mage (Vaults:1)
  Urug (Lair:4)
  A vampire mage (D:13)
  Sonja (Lair:4)
  Nergalle (Orc:1)
  3 deep elf knights
  A fire crab (shapeshifter) (Vaults:2)
  3 skeletal warriors (D:15)
  9 deep trolls (Vaults:1)
  A shadow wraith (Vaults:2)
  2 unseen horrors
  A sixfirhy (D:7)
  A flayed ghost (Vaults:2)
  A glowing orange brain (Vaults:1)
  8 sea snakes
  A kraken simulacrum (Shoals:4)
  3 deep elf archers (Vaults:1)
  A necromancer (Vaults:2)
  6 wizards
  6 ironbrand convokers
  11 hill giants
  A wolf spider zombie (D:15)
  Pikel (D:7)
  6 orc knights
  9 harpies
  7 deep elf magi
  4 cyclopes
  41 wolf spiders
  9 fauns
  8 ugly things
  16 orb spiders
  12 orc sorcerers
  7 manticores
  A salamander (shapeshifter) (Vaults:1)
  9 sirens
  A faun (shapeshifter) (Vaults:2)
  2 moths of wrath
  A guardian serpent (shapeshifter) (Vaults:1)
  9 naga magi
  A guardian serpent (Vaults:2)
  5 water nymphs
  7 vault sentinels
  A black mamba (Lair:6)
  A stone giant skeleton (Vaults:2)
  A gargoyle (D:12)
  9 spiny frogs
  4 rime drakes
  10 komodo dragons
  11 yaktaurs
  A freezing wraith (Vaults:2)
  4 demonic crawlers
  An efreet (D:15)
  28 merfolk
  5 trolls
  3 wind drakes
  41 jumping spiders
  20 slime creatures
  A queen bee (shapeshifter) (D:13)
  11 hornets
  2 polar bears (Lair:6)
  10 two-headed ogres
  11 snapping turtles
  12 dream sheep
  5 blink frogs (Lair:2)
  2 human simulacra
  A stone giant simulacrum (Vaults:2)
  A dream sheep (shapeshifter) (Vaults:2)
  11 hippogriffs
  A frost giant simulacrum (Vaults:2)
  A shadow (D:11)
  53 yaks
  An ettin skeleton (Vaults:2)
  40 tarantellas
  A wyvern (shapeshifter) (Vaults:2)
  14 spriggans (Lair:6)
  101 redbacks
  2 wyverns
  6 wraiths
  Eustachio (D:5)
  4 hungry ghosts
  6 water elementals
  A golden eye (Abyss:2)
  2 steam dragons
  6 basilisks
  16 humans (D:13)
  2 mottled dragons
  2 wargs (D:11)
  A deep troll zombie (Vaults:2)
  An insubstantial wisp (D:7)
  Edmund (D:4)
  19 water moccasins
  10 porcupines
  2 ice beasts
  7 black bears
  18 orc warriors
  5 sky beasts (D:7)
  39 ogres
  A phantom (D:5)
  An eye of draining (shapeshifter) (Vaults:2)
  A necrophage (D:11)
  9 boggarts
  17 centaurs
  27 wolves
  The ghost of Pekkekk the Changer, an amateur HETm (D:3)
  14 crocodiles
  2 big kobolds
  16 bullfrogs
  A human skeleton (Vaults:2)
  A wyvern skeleton (D:13)
  A water moccasin skeleton (D:5)
  4 scorpions
  11 killer bees
  3 wights
  4 electric eels
  A howler monkey (D:12)
  8 crimson imps
  A quasit (D:11)
  A starcursed mass (Abyss:2)
  4 bullfrog zombies (Ossuary)
  4 hounds
  9 jellies
  A jelly (shapeshifter) (D:15)
  17 orc priests
  A bullfrog skeleton (D:6)
  7 centaur skeletons
  8 centaur zombies
  34 orc wizards
  Jessica (D:3)
  2 iguanas
  10 worker ants
  11 hell rats (Lair:2)
  A killer bee zombie (D:5)
  3 hound zombies (Ossuary)
  A hound skeleton (D:5)
  15 mummies (Ossuary)
  3 howler monkey zombies
  2 worker ant zombies (Ossuary)
  15 river rats
  20 adders
  A river rat (shapeshifter) (Vaults:2)
  2 shadow imps
  6 oozes
  4 adder zombies (Ossuary)
  3 adder skeletons
  7 worms
  4 dart slugs
  5 leopard geckos
  75 orcs
  7 bats
  3 giant cockroaches
  6 goblins
  4 hobgoblins
  15 jackals
  6 quokkas
  3 ball pythons
  14 frilled lizards
  A giant cockroach zombie (Ossuary)
  A goblin zombie (D:7)
  A jackal skeleton (D:4)
  24 kobolds
  A leopard gecko zombie (Ossuary)
  A quokka zombie (D:7)
  20 rats
1437 creatures vanquished.

Vanquished Creatures (others)
  A komodo dragon (Lair:4)
  2 slaves (D:7)
  An insubstantial wisp (D:7)
  Blork the orc (D:5)
  A howler monkey (D:7)
  2 orc wizards
  An orc (Orc:2)
  5 fungi
  19 plants
  A withered plant (Ossuary)
34 creatures vanquished.

Grand Total: 1471 creatures vanquished

Notes
Turn   | Place    | Note
-------+----------+-------------------------------------------
     0 | D:1      | JeffiDaFish the Gargoyle Fighter began the quest for the Orb.
     0 | D:1      | Reached XP level 1. HP: 14/14 MP: 1/1
   461 | D:1      | Reached XP level 2. HP: 19/19 MP: 2/2
  1068 | D:2      | Reached XP level 3. HP: 23/23 MP: 3/3
  1305 | D:2      | Found a sacrificial altar of Ru.
  1588 | D:2      | Reached skill level 4 in Shields
  1601 | D:2      | Reached XP level 4. HP: 26/28 MP: 4/4
  1827 | D:3      | Reached skill level 1 in Dodging
  1835 | D:3      | Reached XP level 5. HP: 18/32 MP: 5/5
  2049 | D:3      | Noticed Pekkekk's ghost (amateur HETm)
  2106 | D:3      | Killed Pekkekk's ghost
  2106 | D:3      | Reached XP level 6. HP: 24/38 MP: 6/6
  2244 | D:3      | Noticed Jessica
  2263 | D:3      | Killed Jessica
  2316 | D:3      | Reached skill level 5 in Shields
  3022 | D:4      | Found a staircase to the Ecumenical Temple.
  3039 | Temple   | Entered the Ecumenical Temple
  3251 | Temple   | Became a worshipper of Trog the Wrathful
  3351 | D:4      | Gained mutation: You are agile. (Dex +2) [potion of beneficial mutation]
  3489 | D:4      | Reached XP level 7. HP: 38/42 MP: 7/7
  3661 | D:4      | Noticed Edmund
  3683 | D:4      | Killed Edmund
  3915 | D:5      | Entered Level 5 of the Dungeon
  4085 | D:5      | Found a glowing drain.
  4116 | Sewer    | Entered a sewer
  4129 | Sewer    | Reached * piety under Trog
  4583 | D:5      | Noticed Eustachio
  4600 | D:5      | Killed Eustachio
  4600 | D:5      | Reached skill level 5 in Maces & Flails
  4600 | D:5      | Reached skill level 5 in Armour
  4600 | D:5      | Reached XP level 8. HP: 46/48 MP: 8/8
  4748 | D:5      | Reached skill level 6 in Shields
  5178 | D:5      | Noticed Blork the orc
  5211 | D:5      | Found a deep blue altar of Sif Muna.
  5230 | D:5      | Killed Blork the orc
  5321 | D:5      | Reached skill level 5 in Fighting
  5881 | D:6      | Reached skill level 1 in Stealth
  5976 | D:6      | Found a glowing silver altar of Zin.
  5986 | D:6      | Found a white marble altar of Elyvilon.
  6147 | D:6      | Reached XP level 9. HP: 51/54 MP: 9/9
  6166 | D:6      | Reached skill level 7 in Shields
  6780 | D:7      | Reached ** piety under Trog
  6931 | D:7      | Found a sand-covered staircase.
  6950 | Ossuary  | Entered an ossuary
  7187 | Ossuary  | Reached skill level 8 in Shields
  7190 | Ossuary  | Reached *** piety under Trog
  7347 | D:7      | Noticed Pikel
  7361 | D:7      | Killed Pikel
  7368 | D:7      | Found a runed door.
  7369 | D:7      | Noticed a sixfirhy
  7407 | D:7      | Killed a sixfirhy
  7407 | D:7      | Reached XP level 10. HP: 28/61 MP: 10/10
  7930 | D:7      | Reached skill level 10 in Maces & Flails
  8089 | D:7      | Reached skill level 9 in Shields
  8134 | D:7      | Got a spiked chain mail
  8145 | D:7      | Identified the +2 chain mail "Yduokubb" {Str+3 Int+4} (You found it on level 7 of the Dungeon)
  8169 | D:7      | Found an ancient bone altar of Kikubaaqudgha.
  8171 | D:7      | Found an iron altar of Okawaru.
  8179 | D:7      | Found a deep blue altar of Sif Muna.
  8536 | D:8      | Found a glowing golden altar of the Shining One.
  8960 | D:8      | Reached **** piety under Trog
  9189 | D:9      | Lost mutation: You are agile. (Dex +2) [potion of cure mutation]
  9900 | D:10     | Entered Level 10 of the Dungeon
  9906 | D:10     | Reached XP level 11. HP: 62/67 MP: 9/11
  9922 | D:10     | Reached skill level 10 in Shields
 10432 | D:10     | Got a translucent long sword
 10840 | D:10     | Reached ***** piety under Trog
 10872 | D:11     | Noticed a hill giant
 10884 | D:11     | Killed a hill giant
 10993 | D:11     | Found a staircase to the Lair.
 11114 | D:11     | Reached skill level 1 in Long Blades
 11206 | D:11     | Noticed a manticore
 11224 | D:11     | Killed a manticore
 11416 | D:11     | Received a gift from Trog
 11470 | D:11     | Noticed a hill giant
 11491 | D:11     | Killed a hill giant
 11599 | D:11     | Noticed a hill giant
 11608 | D:11     | Noticed an orc knight
 11611 | D:11     | Killed a hill giant
 11653 | D:11     | Killed an orc knight
 11657 | D:11     | Reached skill level 11 in Shields
 11845 | D:11     | Found a staircase to the Orcish Mines.
 11846 | D:11     | Noticed a hill giant
 11860 | D:11     | Killed a hill giant
 11860 | D:11     | Reached XP level 12. HP: 68/76 MP: 9/12
 12261 | Lair:1   | Entered Level 1 of the Lair of Beasts
 12303 | Lair:1   | Got a fine glass ring
 12315 | Lair:1   | Noticed a five-headed hydra
 12383 | Lair:1   | Killed a five-headed hydra
 13285 | Lair:1   | Noticed a five-headed hydra
 13789 | Lair:1   | Killed a five-headed hydra
 13789 | Lair:1   | Reached skill level 10 in Fighting
 13913 | Lair:1   | Received a gift from Trog
 13916 | Lair:1   | Got a brightly glowing demon whip {god gift}
 13917 | Lair:1   | Identified the +9 demon whip of Trog's Generosity {elec, rElec rPois SInv} (Trog gifted it to you on level 1 of the Lair of Beasts)
 13920 | Lair:1   | Identified the ring "Puruewk" {rF- Dex+10 Stlth+} (You found it on level 1 of the Lair of Beasts)
 13923 | Lair:1   | Identified the +7 long sword of Xitwoij {vamp, +Inv rElec rC+} (You found it on level 10 of the Dungeon)
 14173 | Lair:2   | Noticed Raiza's ghost (journeyman HOBe)
 14182 | Lair:2   | Killed Raiza's ghost
 14182 | Lair:2   | Reached skill level 10 in Armour
 14182 | Lair:2   | Reached skill level 12 in Shields
 14305 | Lair:2   | Noticed JeffiDaFish's ghost (journeyman GrFi)
 14353 | Lair:2   | Killed JeffiDaFish's ghost
 14743 | Lair:2   | Reached XP level 13. HP: 83/83 MP: 13/13
 15368 | Lair:3   | Found a hole to the Spider Nest.
 15914 | Lair:4   | Noticed Urug
 15978 | Lair:4   | Killed Urug
 16115 | Lair:4   | Noticed Sonja
 16121 | Lair:4   | Killed Sonja
 16129 | Lair:4   | Gained mutation: You can translocate small distances at will. [potion of beneficial mutation]
 16130 | Lair:4   | Gained mutation: Your mind is acute. (Int +2) [potion of beneficial mutation]
 16218 | Lair:4   | Found a staircase to the Shoals.
 16598 | Lair:5   | Identified a scroll of acquirement
 16769 | Lair:5   | Reached skill level 13 in Shields
 17422 | Lair:6   | Entered Level 6 of the Lair of Beasts
 17445 | Lair:6   | Received a gift from Trog
 17455 | Lair:6   | Reached ****** piety under Trog
 17649 | Lair:6   | Found a staircase to the Slime Pits.
 17731 | Lair:6   | Gained mutation: Your large and strong wings let you fly indefinitely. [Gargoyle growth]
 17731 | Lair:6   | Reached XP level 14. HP: 76/92 MP: 10/14
 18084 | Lair:6   | Received a gift from Trog
 18601 | D:12     | Gained mutation: You have a pair of small horns on your head. [potion of beneficial mutation]
 18650 | D:12     | Reached skill level 14 in Shields
 19041 | D:12     | Identified the +4 hand crossbow "Goblinslayer" {penet, rElec rPois Dex+5} (You found it on level 12 of the Dungeon)
 19374 | D:13     | Reached skill level 1 in Crossbows
 19584 | D:13     | Got a translucent shield
 19597 | D:13     | Identified the +2 shield of Nihilism {Dex+3 Slay+3} (You found it on level 13 of the Dungeon)
 19665 | D:13     | Identified the Catalogue of Malediction and Shape Shifting
 19695 | D:13     | Identified the Collected Works on Envenoming and Ignition
 19706 | D:13     | Found a deep blue altar of Sif Muna.
 19747 | D:13     | Received a gift from Trog
 19749 | D:13     | Noticed a deep elf sorcerer
 19753 | D:13     | Killed a deep elf sorcerer
 19769 | D:13     | Identified the Reference Book on Changing and the Mountains
 19771 | D:13     | Identified the Grimoire of Lucky Lightness
 19784 | D:13     | Identified the Almanac of Wondrous Power
 19802 | D:13     | Noticed a deep elf sorcerer
 19806 | D:13     | Killed a deep elf sorcerer
 19814 | D:13     | Reached XP level 15. HP: 90/99 MP: 15/15
 20381 | D:14     | Found a gate to the Vaults.
 20381 | D:14     | Noticed Rupert
 20439 | D:13     | Killed Rupert
 20552 | D:14     | Found a shattered altar of Ashenzari.
 20953 | D:15     | Entered Level 15 of the Dungeon
 21028 | D:15     | Reached skill level 15 in Shields
 21481 | D:15     | Found a glowing golden altar of the Shining One.
 21702 | D:15     | Found a staircase to the Depths.
 21990 | Shoals:1 | Entered Level 1 of the Shoals
 22036 | Shoals:1 | Found Jityir's Antique Armour Shop.
 22427 | Shoals:1 | Received a gift from Trog
 22444 | Shoals:1 | Identified the +7 demon whip of Cyntez {freeze, rElec MR++} (Trog gifted it to you on level 1 of the Shoals)
 22448 | Shoals:1 | Found Far Taeb's Island Escapes.
 22910 | Shoals:2 | Reached skill level 5 in Crossbows
 22943 | Shoals:2 | Reached XP level 16. HP: 90/106 MP: 13/16
 23238 | Shoals:2 | Found an opulent altar of Gozag.
 24269 | Shoals:3 | Found Looptoj's Book Boutique.
 24435 | Shoals:4 | Entered Level 4 of the Shoals
 24449 | Shoals:4 | Noticed Ilsuiw
 24497 | Shoals:4 | Killed Ilsuiw
 24508 | Shoals:4 | Received a gift from Trog
 25366 | Shoals:4 | Reached skill level 15 in Armour
 25776 | Shoals:4 | Reached skill level 15 in Fighting
 25950 | Shoals:4 | Reached skill level 16 in Shields
 26223 | Shoals:4 | Received a gift from Trog
 26361 | Shoals:4 | Reached XP level 17. HP: 72/113 MP: 11/17
 27013 | Shoals:4 | Got a barnacled rune of Zot
 27129 | Spider:1 | Entered Level 1 of the Spider Nest
 27292 | Spider:1 | Gained mutation: Your muscles are strong. (Str +2) [potion of beneficial mutation]
 27293 | Spider:1 | Gained mutation: Your spells are a little harder to cast, but a little more powerful. [potion of beneficial mutation]
 27390 | Spider:1 | Reached skill level 15 in Maces & Flails
 27723 | Spider:1 | Received a gift from Trog
 27738 | Spider:2 | Noticed Arachne
 27768 | Spider:2 | Killed Arachne
 28922 | Spider:3 | Received a gift from Trog
 29084 | Spider:3 | Found a frozen archway.
 29135 | Spider:3 | Noticed Nikola
 29148 | Spider:3 | Killed Nikola
 29226 | Spider:3 | Reached XP level 18. HP: 98/120 MP: 18/18
 29467 | Spider:3 | Noticed Bai Suzhen
 29490 | Spider:3 | Killed Bai Suzhen
 29490 | Spider:3 | Reached skill level 17 in Shields
 29721 | Spider:4 | Entered Level 4 of the Spider Nest
 30133 | Spider:4 | Received a gift from Trog
 31012 | Spider:4 | Got a gossamer rune of Zot
 31250 | Orc:1    | Entered Level 1 of the Orcish Mines
 31262 | Orc:1    | Noticed Nergalle
 31276 | Orc:1    | Received a gift from Trog
 31281 | Orc:1    | Killed Nergalle
 31373 | Orc:1    | Noticed Josephine
 31383 | Orc:1    | Killed Josephine
 31754 | Orc:1    | Found Unubojun's Book Shop.
 31797 | Orc:2    | Entered Level 2 of the Orcish Mines
 31973 | Orc:2    | Found a staircase to the Elven Halls.
 32419 | Orc:2    | Found Did Egae's Antique Armour Shoppe.
 32439 | Orc:2    | Found a radiant altar of Vehumet.
 32447 | Orc:2    | Paralysed by an orc sorcerer for 5 turns
 32458 | Orc:2    | Received a gift from Trog
 32489 | Orc:2    | Found Vaumy's Antique Weapon Shoppe.
 32495 | Orc:2    | Found a roughly hewn altar of Beogh.
 32495 | Orc:2    | Found Muzytzat's Magic Scroll Emporium.
 32524 | Orc:2    | Found Kywied's Book Shoppe.
 32552 | Orc:2    | Received a gift from Trog
 32554 | Orc:2    | Found an ancient bone altar of Kikubaaqudgha.
 32557 | Orc:2    | Reached XP level 19. HP: 127/127 MP: 19/19
 32614 | Orc:2    | Bought a scroll of enchant armour for 105 gold pieces
 32630 | Orc:2    | Bought a glowing morningstar for 340 gold pieces
 32843 | Vaults:1 | Entered Level 1 of the Vaults
 33301 | Vaults:1 | Received a gift from Trog
 33407 | Vaults:1 | Found Kouxzoaq's Distillery.
 33415 | Vaults:1 | Reached skill level 18 in Shields
 33716 | Vaults:1 | Received a gift from Trog
 33829 | Vaults:1 | Paralysed by a wizard for 3 turns
 34122 | Vaults:1 | Paralysed by a great orb of eyes for 6 turns
 35118 | Vaults:2 | Paralysed by an ogre mage for 7 turns
 35137 | Vaults:2 | Received a gift from Trog
 35299 | Vaults:2 | Received a gift from Trog
 35836 | Vaults:2 | Reached XP level 20. HP: 136/136 MP: 20/20
 35964 | Vaults:2 | Found a staircase to the Crypt.
 36222 | Vaults:2 | Noticed a Tzitzimitl
 36655 | Vaults:2 | Got a distressingly furry large shield
 36666 | Vaults:2 | Identified the +8 large shield "Zurraroi" {rF+ MR- Dex+2} (You found it on level 2 of the Vaults)
 36728 | Vaults:2 | Received a gift from Trog
 36954 | Vaults:2 | Received a gift from Trog
 37408 | Vaults:2 | Received a gift from Trog
 37431 | Vaults:2 | Got a pitted amber ring
 37455 | Vaults:2 | Reached skill level 10 in Crossbows
 37458 | Vaults:2 | Paralysed by a sphinx for 2 turns
 37902 | Vaults:2 | Paralysed by a sphinx for 7 turns
 38021 | Vaults:2 | Paralysed by a sphinx for 5 turns
 38054 | Vaults:2 | Reached skill level 19 in Shields
 38115 | Vaults:2 | Identified the Almanac of Changing and Sinister Rituals
 38248 | Vaults:3 | Cast into level 2 of the Abyss (a deep elf sorcerer)
 38308 | Abyss:2  | Paralysed by accursed screaming for 1 turns
 38313 | Abyss:2  | Paralysed by accursed screaming for 1 turns
 38317 | Abyss:2  | Paralysed by accursed screaming for 1 turns
 38322 | Abyss:2  | Killed from afar by a starcursed mass

Skill      XL: |  1  2  3  4  5  6  7  8  9 10 11 12 13 14 15 16 17 18 19 20 |
---------------+-------------------------------------------------------------+-----
Shields        | 4 5 6 8 9 11 12 13 14 15 16 17 18 19 | 19.0
Armour         | 4 5 6 7 8 10 12 13 14 15 16 17 18 | 18.3
Dodging        | 1 2 3 |  3.0
Maces & Flails | 3 4 5 6 9 10 11 12 13 14 15 16 17 | 17.3
Fighting       | 4 5 6 7 9 10 12 13 14 15 16 17 18 | 18.2
Stealth        | 1 |  1.0
Long Blades    | 2 3 |  3.4
Crossbows      | 2 5 6 7 8 9 10 | 10.2
Evocations     | |  0.1

Action                   |  1- 3 |  4- 6 |  7- 9 | 10-12 | 13-15 | 16-18 | 19-21 || total
-------------------------+-------+-------+-------+-------+-------+-------+-------++-------
Melee: Flail             |   197 |   262 |   690 |       |       |       |       ||  1149
       Mace              |       |       |    56 |  1340 |       |       |       ||  1396
       Demon whip        |       |       |       |   137 |  1131 |  1570 |   961 ||  3799
       Headbutt          |       |       |       |       |   202 |   566 |   410 ||  1178
 Fire: Hand crossbow     |       |       |       |       |       |    19 |    59 ||    78
Invok: Burn Spellbooks   |       |       |     1 |     2 |       |       |       ||     3
       Trog's Hand       |       |       |     1 |       |       |       |       ||     1
       Berserk           |       |       |       |       |       |     1 |       ||     1
 Abil: Fly               |       |       |       |       |     1 |       |       ||     1
       Blink             |       |       |       |       |       |     2 |     3 ||     5
Evoke: Wand              |       |       |     4 |       |       |       |       ||     4
  Use: Scroll            |     6 |     2 |     9 |    10 |    16 |    12 |     7 ||    62
       Potion            |     3 |     5 |     4 |     7 |     5 |     5 |       ||    29
 Stab: Petrified         |       |       |       |       |     4 |       |       ||     4
       Petrifying        |       |       |       |       |     3 |       |       ||     3
  Eat: Chunk             |     2 |     7 |     9 |    26 |    27 |    32 |    19 ||   122
       Bread ration      |       |       |     1 |     1 |       |       |       ||     2
       Royal jelly       |       |       |       |     3 |       |       |       ||     3
       Fruit             |       |       |       |       |       |     1 |       ||     1
Armor: Scale mail        |   153 |   118 |   151 |       |       |       |       ||   422
       Plate armour      |       |       |   145 |   770 |   398 |   708 |   328 ||  2349
Dodge: Dodged            |    83 |    92 |   144 |   306 |   161 |   358 |   198 ||  1342
Block: Shield            |   133 |   199 |   392 |   897 |   584 |  1127 |   445 ||  3777
       Large shield      |       |       |       |       |       |       |   193 ||   193
       Reflection        |       |       |       |       |       |       |    13 ||    13
